 Dungeon Crawl Stone Soup version 0.16.1-30-g34a7ffa (webtiles) character file.

338 Tubaspinach the Slinger (level 6, -3/39 HPs)
             Began as a Halfling Hunter on June 22, 2015.
             Slain by Edmund
             ... wielding a +3 flail of crushing
              (12 damage)
             ... on level 4 of the Dungeon.
             The game lasted 00:11:12 (2373 turns).

Tubaspinach the Slinger (Halfling Hunter)           Turns: 2373, Time: 00:11:12

Health: -3/39      AC:  4    Str: 17    XL:     6   Next: 85%
Magic:  6/6        EV: 15    Int: 10    God:
Gold:   142        SH:  0    Dex: 17    Spells: 0 memorised, 5 levels left

rFire  x . .     SeeInvis .     b - +1 hunting sling
rCold  + . .     Clarity  +     d - +0 leather armour
rNeg   . . .     SustAb   .     (no shield)
rPois  .         Gourm    .     (no helmet)
rElec  .         Spirit   .     (no cloak)
rCorr  .         Warding  .     (no gloves)
rMut   .         Stasis   .     (no boots)
MR     .....                    w - amulet of clarity
Stlth  ++........               n - ring of ice
                                j - +1 ring of protection

@: mighty, not resistant to hostile enchantments, unstealthy
A: mutation resistance 1
a: no special abilities


You were on level 4 of the Dungeon.
You were not hungry.

You visited 1 branch of the dungeon, and saw 4 of its levels.

You collected 142 gold pieces.

Inventory:

Hand weapons
 a - a +0 short sword
 b - a +1 hunting sling (weapon)
 x - a +1 dagger of draining
Missiles
 c - 19 sling bullets (quivered)
 e - 232 stones
Armour
 d - a +0 leather armour (worn)
 r - a +2 scale mail of cold resistance
Jewellery
 j - a +1 ring of protection (left hand)
 n - a ring of ice (right hand)
 w - an amulet of clarity (around neck)
Magical devices
 y - a wand of random effects (12)
Scrolls
 g - a scroll of enchant weapon {unknown}
 o - a scroll of remove curse
 q - a scroll of enchant armour {unknown}
 s - a scroll of teleportation
Potions
 h - 2 potions of might
 k - a potion of degeneration {unknown}
 m - a potion of curing
 p - a potion of poison {unknown}
 t - a potion of cancellation {unknown}
 v - a potion of heal wounds {unknown}
Comestibles
 f - 2 bread rations
 u - 6 fruits


   Skills:
 + Level 1.9 Fighting
 + Level 10.2 Slings
 + Level 1.3 Armour
 + Level 2.9 Dodging
 + Level 1.3 Stealth


You had 5 spell levels left.
You didn't know any spells.

Dungeon Overview and Level Annotations

Branches:
Dungeon (4/15)
 Temple: D:4-7

Altars:

Annotations:
D:4 Edmund


Innate Abilities, Weirdness & Mutations

You are small and have problems with some larger weapons.
You are somewhat resistant to further mutation.


Message History

Edmund looks even sicker.
Edmund is lightly wounded.
The orc wizard gestures wildly while chanting.
The orc wizard blinks!
The orc wizard casts a spell.
The orc wizard flickers and vanishes!
The orc hits you with a flail.
* * * LOW HITPOINT WARNING * * *
Edmund misses you.
Unknown command.
Drink which item? (? for menu, Esc to quit)
It was a potion of magic.
Magic courses through your body.
The orc priest glows brightly for a moment.
The orc misses you.
Firing (i - inventory. (,) - cycle):
l - a poisoned sling bullet (quivered)
Press: ? - help, Shift-Dir - straight line, f/p - orc priest
Aim: an orc priest, wielding a hand axe (heavily wounded, poisoned)
You shoot a poisoned sling bullet. The poisoned sling bullet hits Edmund!
Edmund is heavily wounded.
Edmund hits you with a flail of crushing!
You die...

########### #.........#
#.........# #.<..†....#
#.........# ##
#.........######....
#.................$.
#.........§....#....
#.........#@##......
#.........o@######.
######.##.#(..#
#######..#.o(#.#####
##......#.....#.......
##........###..........
#...^...(..##..(.......
#....†.....#......#####
#...............#.#


You could see Edmund, an orc priest and an orc.

Vanquished Creatures
  The ghost of Aryth the Poker, an average MfAK of Lugonu (D:3)
  An orc priest (D:4)
  A worker ant (D:4)
  Terence (D:2)
  Robin (D:2)
  4 gnolls (D:2)
  6 adders
  3 worms (D:2)
  A giant gecko (D:1)
  2 orcs
  A ball python (D:2)
  2 giant cockroaches
  11 hobgoblins
  2 jackals (D:2)
  6 kobolds
  2 quokkas (D:3)
  4 bats
  6 giant newts
  21 goblins
  9 rats
85 creatures vanquished.

Notes
Turn   | Place    | Note
--------------------------------------------------------------
     0 | D:1      | Tubaspinach, the Halfling Hunter, began the quest for the Orb.
     0 | D:1      | Reached XP level 1. HP: 14/14 MP: 1/1
     7 | D:1      | Reached skill level 6 in Slings
    46 | D:1      | Reached XP level 2. HP: 16/19 MP: 2/2
   626 | D:2      | Reached XP level 3. HP: 24/24 MP: 3/3
   732 | D:2      | Noticed Terence
   740 | D:2      | Killed Terence
   740 | D:2      | Reached skill level 7 in Slings
   788 | D:2      | Noticed Robin
   802 | D:2      | Reached XP level 4. HP: 29/29 MP: 4/4
   804 | D:2      | Killed Robin
  1179 | D:2      | Reached skill level 8 in Slings
  1364 | D:2      | Reached XP level 5. HP: 10/34 MP: 5/5
  1799 | D:3      | Reached skill level 9 in Slings
  2063 | D:3      | Noticed Aryth's ghost (average MfAK)
  2076 | D:3      | Killed Aryth's ghost
  2076 | D:3      | Reached skill level 1 in Armour
  2076 | D:3      | Reached XP level 6. HP: 33/39 MP: 6/6
  2285 | D:4      | Reached skill level 10 in Slings
  2338 | D:4      | Noticed Edmund
  2373 | D:4      | Slain by Edmund

Action                   |  1- 3 |  4- 6 || total
-------------------------+-------+-------++-------
 Fire: Hunting sling     |    78 |   163 ||   241
  Use: Scroll            |       |     4 ||     4
       Potion            |       |     3 ||     3
  Eat: Bread ration      |       |     1 ||     1
